 Dungeon Crawl Stone Soup version 0.31-a0-214-gb37851dbb3 (webtiles) character file.

Game seed: 5132649216870176195

4 2FriedEggs the Grave Robber (level 1, 0/13 HPs)
             Began as a Mummy Necromancer on June 30, 2023.
             Slain by a jackal (1 damage)
             ... on level 1 of the Dungeon on July 1, 2023.
             The game lasted 00:02:08 (152 turns).

2FriedEggs the Grave Robber (Mummy Necromancer)      Turns: 152, Time: 00:02:09

Health: 0/13       AC:  2    Str: 11    XL:     1   Next: 58%
Magic:  1/4        EV: 12    Int: 14    God:
Gold:   0          SH:  0    Dex: 12    Spells: 4/5 levels left

rFire   x . .        (no weapon)
rCold   + . .        (no shield)
rNeg    + + +        a - +0 robe
rPois   ∞            (no helmet)
rElec   .            (no cloak)
rCorr   .            (no gloves)
SInv    .            (no boots)
Will    .....        (no amulet)
Stlth   ++           (no ring)
HPRegen 0.22/turn    (no ring)
MPRegen 0.09/turn

%: faith
@: no status effects
A: cold resistance 1, negative energy resistance 3, torment resistance 2, heat
vulnerability 1, no potions, faith
a: no special abilities


You were on level 1 of the Dungeon.
You visited 1 branch of the dungeon, and saw 1 of its levels.

Inventory:

Armour
 a - a +0 robe (worn)


   Skills:
 + Level 1.6 Dodging
 + Level 1.7 Stealth
 + Level 2.8 Spellcasting
 + Level 4.0 Necromancy


You had 4 spell levels left.
You knew the following spells:

 Your Spells              Type           Power      Damage    Failure   Level
a - Necrotise             Necr           52%        1d6       4%          1

Your spell library contained the following spells:

 Spells                   Type           Power      Damage    Failure   Level
 Vampiric Draining        Necr           13%        2d6       12%         3
 Animate Dead             Necr           13%        N/A       38%         4
 Agony                    Necr           13%        N/A       75%         5


Dungeon Overview and Level Annotations

Branches:
Dungeon (1/15)

Altars:


Innate Abilities, Weirdness & Mutations

You are immune to poison.
Your flesh is cold resistant. (rC+)
You are immune to negative energy. (rN+++)
You are immune to unholy pain and torment.
You are vulnerable to heat. (rF-)
You do not drink.
You have a special connection with the divine. (Faith)


Message History

The jackal bites you but does no damage.
You barely miss the jackal.
The jackal is moderately wounded.
The jackal misses you.
Welcome back, 2FriedEggs the Mummy Necromancer.
Press ? for a list of commands and other information.
Casting: Necrotise (safe; 4% risk of failure)
Confirm with . or Enter, or press ? or * to list all spells.
Aiming: Necrotise (safe; 4% risk of failure)
Press: ? - help, Shift-Dir - straight line, f - jackal
Aim: a jackal (lightly wounded, chance to affect: 83%)
The jackal writhes in agony.
You kill the jackal!
The dead are walking!
The jackal barely misses your jackal skeleton.
The jackal bites your jackal skeleton. x3
Your jackal skeleton is destroyed!
The jackal attacks as you move away! The jackal bites you.
You hit the jackal.
The jackal is lightly wounded.
The jackal bites you.
* * * LOW HITPOINT WARNING * * *
You barely miss the jackal.
The jackal is lightly wounded.
The jackal closely misses you. The jackal bites you.
* * * LOW HITPOINT WARNING * * *
You hit the jackal but do no damage.
The jackal is lightly wounded.
The jackal closely misses you.
You closely miss the jackal.
The jackal is lightly wounded.
The jackal misses you. The jackal barely misses you.
You hit the jackal.
The jackal is moderately wounded.
The jackal bites you.
* * * LOW HITPOINT WARNING * * *
You hit the jackal.
The jackal is heavily wounded.
The jackal bites you.
You die...

#...##.#
######.#
##......
#.#
.....#.
#.# #.....
#.# #....#
#.# #...h#
#.# #....#
#.# #....#
#@# #...$#
#h###....#
#h..h.####
#######


You could see 2 jackals.

Vanquished Creatures
  2 jackals (D:1)
  A kobold (D:1)
  A bat (D:1)
4 creatures vanquished.

Notes
Turn   | Place    | Note
-------+----------+-------------------------------------------
     0 | D:1      | 2FriedEggs the Mummy Necromancer began the quest for the
                  | Orb.
     0 | D:1      | Reached XP level 1. HP: 13/13 MP: 4/4
   143 | D:1      | Upgraded the game from 0.31-a0-210-gccc998df9b to
                  | 0.31-a0-214-gb37851dbb3
   152 | D:1      | Slain by a jackal

Illustrated notes

Levels and vault maps discovered:
D:1:      amcnicky_arrival_single_pillar, layout_basic

Action                     || total
---------------------------++-------
  Melee: Unarmed           ||    13
   Cast: Necrotise         ||     8
 Armour: Robe              ||     2
  Dodge: Dodged            ||     7

Table legend: (Time is in decaauts)
 A = Elapsed time spent in this place.
 B = Non-inter-level travel time spent in this place.
 C = Inter-level travel time spent in this place.
 D = Time resting spent in this place.
 E = Time spent auto-exploring this place.
 F = Levels seen in this place.
 G = Mean time per level.
                   A        B        C        D        E       F      G
               +--------+--------+--------+--------+--------+-----+--------+
         Total |    152 |    152 |      0 |      0 |    119 |   1 |  152.0 |
       Dungeon |    152 |    152 |      0 |      0 |    119 |   1 |  152.0 |
               +--------+--------+--------+--------+--------+-----+--------+

Top non-repeatable levels by time:
     D:1: 152 daAuts
